 Dungeon Crawl Stone Soup version 0.28.0-53-g5a82cb258f (webtiles) character file.

Game seed: 11238583012414030226

565 Sin92 the Skirmisher (level 7, 0/55 HPs)
             Began as a Demonspawn Fighter on June 5, 2022.
             Slain by PhantomBowie's ghost (10 damage)
             ... on level 3 of the Dungeon.
             The game lasted 00:13:15 (4519 turns).

Sin92 the Skirmisher (Demonspawn Fighter)           Turns: 4519, Time: 00:13:15

Health: 0/55       AC: 15    Str: 16    XL:     7   Next: 10%
Magic:  7/7        EV:  7    Int: 10    God:
Gold:   110        SH:  9    Dex: 14    Spells: 6/6 levels left

rFire   . . .      SeeInvis .   a - +0 war axe
rCold   . . .      Faith    .   c - +0 buckler
rNeg    . . .      Spirit   .   e - +3 chain mail
rPois   .          Reflect  .   (no helmet)
rElec   .          Harm     .   (no cloak)
rCorr   .          Rampage  .   (no gloves)
Will    .....                   (no boots)
Stlth   ..........              (no amulet)
HPRegen 0.18/turn               (no ring)
MPRegen 0.10/turn               (no ring)

@: no status effects
A: molten scales 2, powered by death 1, condensation shield, demonic touch 1
a: no special abilities


You were on level 3 of the Dungeon.
You visited 1 branch of the dungeon, and saw 4 of its levels.

You collected 110 gold pieces.

Inventory:

Hand Weapons
 a - a +0 war axe (weapon)
Armour
 b - a +0 scale mail
 c - a +0 buckler (worn)
 e - a +3 chain mail (worn)
 i - a scarf of harm
Jewellery
 d - the amulet of the Unstoppable Yaks {RegenMP rC- Will+ rCorr}
   (You found it on level 4 of the Dungeon)

   [amulet of magic regeneration]

   It increases your rate of magic regeneration.
   rC:        It makes you vulnerable to cold.
   rCorr:     It protects you from acid and corrosion.
   Will:      It increases your willpower.
Potions
 f - 2 potions of magic
 g - 2 potions of curing


   Skills:
 + Level 4.4 Fighting
 + Level 3.5 Axes
 + Level 4.1 Armour
 + Level 2.7 Dodging
 + Level 4.0 Shields


You had 6 spell levels left.
You didn't know any spells.
Your spell library contained the following spells:

 Spells                   Type           Power      Damage    Failure   Level
 Magic Dart               Conj           0%         1d3       100%        1
 Call Imp                 Summ           0%         N/A       100%        2
 Mephitic Cloud           Conj/Pois/Air  0%         N/A       100%        3


Dungeon Overview and Level Annotations

Branches:
Dungeon (4/15)
 Temple: D:4-7

Altars:

Annotations:
D:3 PhantomBowie's ghost, amateur GrFi
D:4 2 runed translucent doors, 1 transporter, Zeld's ghost, amateur DECj


Innate Abilities, Weirdness & Mutations

You are mostly covered in molten scales. (AC +3)
You regenerate a little health from kills.
A meltable shield of frost defends you. (SH +4)
Your touch may inflict minor irresistible damage on your foes.


Message History

You hit PhantomBowie's ghost but do no damage.
PhantomBowie's ghost is severely damaged.
You block PhantomBowie's ghost's attack.
You hit PhantomBowie's ghost.
PhantomBowie's ghost is almost destroyed.
PhantomBowie's ghost hits you but does no damage.
You barely miss PhantomBowie's ghost.
PhantomBowie's ghost is almost destroyed.
PhantomBowie's ghost hits you! PhantomBowie's ghost barely misses you.
You barely miss PhantomBowie's ghost.
PhantomBowie's ghost is almost destroyed.
PhantomBowie's ghost hits you but does no damage.
You hit PhantomBowie's ghost.
PhantomBowie's ghost is almost destroyed.
PhantomBowie's ghost hits you but does no damage.
You hit PhantomBowie's ghost but do no damage.
PhantomBowie's ghost is almost destroyed.
PhantomBowie's ghost whispers, "It is all a dream - a grotesque and foolish dream."
PhantomBowie's ghost hits you but does no damage.
PhantomBowie's ghost says, "I was once a great warrior, and I still am!"
PhantomBowie's ghost hits you!
* * * LOW HITPOINT WARNING * * *
You hit PhantomBowie's ghost but do no damage.
PhantomBowie's ghost is almost destroyed.
PhantomBowie's ghost hits you but does no damage.
You barely miss PhantomBowie's ghost.
PhantomBowie's ghost is almost destroyed.
PhantomBowie's ghost barely misses you. x2
You hit PhantomBowie's ghost.
PhantomBowie's ghost is almost destroyed.
PhantomBowie's ghost hits you.
* * * LOW HITPOINT WARNING * * *
You hit PhantomBowie's ghost but do no damage.
PhantomBowie's ghost is almost destroyed.
PhantomBowie's ghost hits you.
* * * LOW HITPOINT WARNING * * *
You barely miss PhantomBowie's ghost.
PhantomBowie's ghost is almost destroyed.
PhantomBowie's ghost hits you!
You die...

##.#######.########
#.[#######.#......#
#..)[.............#
#.##.##...........#
##.##.#...###.[....#
....#....##⌠##.....#
....#...##...##....#
#...#..##..!..##...#
#####..#⌠..♣...W@..#
#..##..?..##...#
#...##...##...##
#....##⌠##...##
#.#...###...###
#.............#
#####.....###.#
#.##### #.# #.#
###.###


You could see PhantomBowie's ghost.

Vanquished Creatures
  Sigmund (D:3)
  An ice beast (D:4)
  A centaur zombie (D:4)
  2 orc priests (D:3)
  3 jellies (D:3)
  Jessica (D:3)
  A hound skeleton (D:4)
  A worm (D:3)
  A dart slug (D:1)
  4 orcs (D:3)
  12 ball pythons
  16 endoplasms
  4 giant cockroaches
  5 goblins
  7 hobgoblins
  4 jackals (D:1)
  2 quokkas (D:1)
  6 bats
  3 frilled lizards (D:3)
  12 kobolds
  4 rats (D:1)
91 creatures vanquished.

Vanquished Creatures (others)
  6 fungi (D:3)
  5 toadstools (D:3)
11 creatures vanquished.

Grand Total: 102 creatures vanquished

Notes
Turn   | Place    | Note
-------+----------+-------------------------------------------
     0 | D:1      | Sin92 the Demonspawn Fighter began the quest for the Orb.
     0 | D:1      | Reached XP level 1. HP: 18/18 MP: 1/1
   278 | D:1      | Gained mutation: Your touch may inflict minor irresistible
                  | damage on your foes. [demonic ancestry]
   278 | D:1      | Reached XP level 2. HP: 21/24 MP: 2/2
   824 | D:1      | Gained mutation: You are partially covered in molten
                  | scales. (AC +2) [demonic ancestry]
   824 | D:1      | Reached XP level 3. HP: 29/29 MP: 3/3
  1030 | D:1      | Reached skill level 1 in Dodging
  1873 | D:2      | Found a faded altar of an unknown god.
  2617 | D:3      | Gained mutation: You regenerate a little health from kills.
                  | [demonic ancestry]
  2617 | D:3      | Reached XP level 4. HP: 19/35 MP: 4/4
  2694 | D:3      | Reached XP level 5. HP: 13/42 MP: 5/5
  3516 | D:3      | Noticed Jessica
  3518 | D:3      | Killed Jessica
  3647 | D:3      | Noticed Sigmund
  3655 | D:3      | Killed Sigmund
  3656 | D:3      | Gained mutation: A meltable shield of frost defends you.
                  | (SH +4) [demonic ancestry]
  3656 | D:3      | Reached XP level 6. HP: 28/48 MP: 6/6
  3723 | D:3      | Found a runed translucent door.
  3723 | D:3      | Noticed PhantomBowie's ghost (amateur GrFi)
  4088 | D:4      | Found a large runed translucent door.
  4088 | D:4      | Found a large runed translucent door.
  4112 | D:4      | Noticed Zeld's ghost (amateur DECj)
  4113 | D:4      | Found a transporter.
  4113 | D:4      | Noticed a wyvern
  4137 | D:4      | Identified the amulet of the Unstoppable Yaks {RegenMP rC-
                  | Will+ rCorr}
  4188 | D:4      | Noticed an ice beast
  4208 | D:4      | Killed an ice beast
  4209 | D:4      | Gained mutation: You are mostly covered in molten scales.
                  | (AC +3) [demonic ancestry]
  4209 | D:4      | Reached XP level 7. HP: 12/55 MP: 7/7
  4519 | D:3      | Slain by PhantomBowie's ghost

Illustrated notes

Levels and vault maps discovered:
D:1:      ncdulo_halloftheorcs, layout_basic
D:2:      layout_basic, hellmonk_ecumenical_altar_inner_sanctum
D:3:      cheibrodos_fertilizer, layout_loops_ring,
          hellmonk_ghost_happy_afterlife, uniq_sigmund, uniq_jessica
D:4:      due_chaos_kobolds, layout_basic, gammafunk_ghost_arena, uniq_menkaure,
          uniq_crazy_yiuf_cottage

Skill      XL: |  1  2  3  4  5  6 |
---------------+-------------------+-----
Axes           | 2 3 |  3.5
Armour         | 3 4 |  4.1
Shields        | 3 4 |  4.0
Dodging        | 1 2 |  2.7
Fighting       | 4 |  4.4

Action                   |  1- 3 |  4- 6 |  7- 9 || total
-------------------------+-------+-------+-------++-------
Melee: War axe           |   159 |   134 |    30 ||   323
  Use: Scroll            |     5 |     1 |       ||     6
       Potion            |       |     2 |       ||     2
Armor: Scale mail        |    16 |       |       ||    16
       Chain mail        |   106 |    77 |    11 ||   194
Dodge: Dodged            |    62 |    38 |     8 ||   108
Block: Buckler           |    48 |    49 |    12 ||   109
